Map: Desembarco del defensor EE

Players

galayS

  • Race: Terran Terran
  • League: Platinum
  • Spawn Location: 7:00

Eternal - Winner!

  • Race: Zerg Zerg
  • League: Gold
  • Spawn Location: 1:00

VOD

Have the link to the VOD?

Description

Time

  • Played on: May 5, 2017, 11:08 p.m.
  • Length: 18:22
Show
View Real Time Build Order
Export as new Build Order

galayS Terran 

Build Orders: Hellion Opening, MMM Bio 

Get SALT Encoding   

  12  0:02  SCV  
  13  0:15  SCV  
  13  0:18  Supply Depot  
  14  0:27  SCV  
  15  0:31  Refinery  
  15  0:40  SCV  
  16  0:46  Barracks  
  16  0:52  SCV  
  17  1:04  SCV  
  18  1:16  SCV  
  19  1:28  SCV  
  20  1:34  Reaper  
  21  1:43  Command Center  
  21  1:57  Factory  
  21  2:04  Orbital Command  
  21  2:14  Barracks Reactor  
  20  2:25  Refinery  
  20  2:32  SCV  
  20  2:45  SCV  
  20  2:47  Supply Depot  
  21  2:57  Hellion x2  
  21  2:58  Marine  
  25  3:01  Orbital Command  
  26  3:10  Supply Depot  
  26  3:16  Marine  
  26  3:18  Hellion x2  
  30  3:34  Marine  
  31  3:41  SCV  
  31  3:43  Supply Depot  
  31  3:45  Hellion x2  
  36  3:54  SCV  
  37  4:04  Barracks  
  37  4:06  SCV, Barracks  
  38  4:18  SCV  
  31  4:30  SCV  
  32  4:31  Marine  
  32  4:34  Factory Tech Lab  
  32  4:36  Supply Depot  
  29  4:49  Marine  
  29  4:50  SCV  
  31  4:53  Barracks Tech Lab  
  31  5:02  SCV, Barracks Tech Lab, Bunker  
  31  5:03  Siege Tank  
  35  5:07  Marine  
  36  5:14  SCV, Marauder  
  39  5:25  Marine  
  40  5:35  Siege Tank  
  43  5:36  Marauder  
  45  5:42  Marine  
  45  5:43  Marauder  
  48  6:03  Supply Depot  
  48  6:06  Engineering Bay  
  48  6:14  Starport  
  48  6:25  SCV, Marauder, Siege Tank  
  54  6:27  Engineering Bay  
  54  6:29  Stimpack  
  54  6:32  Combat Shields  
  54  6:37  Refinery  
  54  6:41  Supply Depot  
  54  6:48  Engineering Bay  
  54  6:52  Supply Depot  
  54  7:03  SCV, Marauder x2  
  54  7:05  Starport Reactor  
  59  7:15  SCV  
  60  7:16  Missile Turret  
  60  7:17  Terran Infantry Armor Level 1  
  60  7:25  Marauder x2  
  60  7:27  SCV  
  65  7:37  Missile Turret  
  65  7:39  SCV  
  66  7:45  Missile Turret  
  66  7:46  Marauder x2  
  66  7:49  Terran Infantry Weapons Level 1  
  70  8:01  Supply Depot  
  70  8:02  Supply Depot  
  70  8:06  Supply Depot  
  70  8:18  Supply Depot  
  70  8:22  Barracks, Medivac x2  
  70  8:23  SCV, Siege Tank  
  70  8:24  Marauder x2  
  70  8:26  Barracks Reactor  
  82  8:35  SCV  
  83  8:43  Supply Depot  
  83  8:45  Marauder  
  83  8:47  SCV  
  86  8:51  Supply Depot  
  86  8:52  Medivac x2  
  90  8:57  Armory  
  90  8:59  SCV  
  91  9:11  SCV, Marine x5  
  97  9:23  SCV  
  98  9:28  Marine  
  98  9:29  Marine x4  
  103  9:44  Terran Infantry Weapons Level 2  
  103  9:45  Terran Infantry Armor Level 2  
  103  9:46  Marine x2  
  103  9:48  Marine x3  
  108  9:58  Supply Depot  
  108  10:02  Unknown  
  108  10:03  Siege Tank  
  108  10:04  Marine x2  
  108  10:05  Marine  
  108  10:06  Marine x2  
  116  10:20  Supply Depot  
  116  10:22  Marine x2  
  116  10:23  Marine x2  
  116  10:24  Marine  
  116  10:26  Supply Depot  
  121  10:40  Marine x2  
  121  10:41  Marine x3  
  126  10:42  Supply Depot  
  126  10:51  Refinery  
  126  11:00  Marine x5  
  131  11:04  Medivac x2  
  135  11:18  Marine x5  
  139  11:32  Missile Turret  
  139  11:33  Command Center  
  139  11:34  Medivac x2  
  139  11:35  Marine  
  139  11:36  Marine x4  
  148  11:53  Marine x2  
  150  12:00  Terran Infantry Weapons Level 3  
  150  12:02  Terran Infantry Armor Level 3  
  150  12:22  Marine x3  
  150  12:23  Marine x2  
  150  12:24  Medivac  
  124  12:39  Marine  
  124  12:40  Marine x3  
  124  12:41  Marine  
  121  12:57  Marine  
  121  12:58  Marine x2  
  104  13:04  Marine  
  104  13:05  Marine  
  94  13:15  Marine x3  
  97  13:22  Marine x2  
  98  13:33  Marine x3  
  101  13:40  Marine x2  
  101  13:51  Marine x3  
  104  13:58  Marine x2  
  106  14:08  Marine  
  106  14:09  Marine x2  
  109  14:16  Marine x2  
  111  14:17  Planetary Fortress  
  111  14:26  Refinery, Marine  
  111  14:27  Marine x2  
  114  14:33  Marine  
  114  14:34  Marine  
  116  14:44  Marine x3  
  119  14:51  Marine  
  119  14:52  Marine  
  121  15:02  Marine x3  
  124  15:09  Marine x2  
  126  15:20  Marine x3  
  129  15:27  Marine x2  
  131  15:37  Marine  
  131  15:38  Marine x2  
  134  15:45  Marine x2  
  136  15:55  Marine  
  136  15:56  Marine x2  
  139  16:03  Marine x2  
  124  16:13  Marine  
  124  16:14  Marine x2  
  125  16:20  Marine  
  125  16:21  Marine  
  126  16:31  Marine x3  
  65  18:04  Supply Depot  
  65  18:05  Supply Depot x2  
  65  18:06  Supply Depot  
  65  18:07  Supply Depot  
Show
View Real Time Build Order
Export as new Build Order

Eternal Zerg - Winner!

Build Orders: Pool First 

Get SALT Encoding   

  12  0:01  Drone  
  13  0:13  Overlord  
  13  0:21  Drone  
  14  0:35  Drone x2  
  16  0:36  Drone  
  17  0:46  Drone  
  18  0:56  Drone  
  19  1:02  Spawning Pool  
  18  1:05  Extractor  
  17  1:19  Hatchery  
  16  1:26  Drone x2  
  16  1:29  Drone  
  19  1:42  Overlord  
  19  1:50  Queen  
  21  2:01  Zergling x4  
  23  2:12  Zergling x2  
  24  2:25  Drone, Metabolic Boost  
  25  2:36  Drone x2  
  27  2:41  Queen  
  29  2:47  Spine Crawler  
  29  2:50  Drone x2  
  30  2:55  Drone, Baneling Nest  
  31  2:58  Drone  
  31  3:14  Roach Warren  
  31  3:17  Spine Crawler  
  27  3:32  Spine Crawler  
  25  3:34  Queen  
  25  3:39  Queen  
  29  3:47  Drone x3  
  32  4:01  Drone  
  33  4:06  Roach  
  35  4:17  Queen  
  26  4:40  Drone x4  
  26  4:41  Drone x4  
  34  4:48  Drone  
  35  4:54  Extractor  
  35  4:58  Drone x2  
  36  5:08  Overlord x2  
  36  5:27  Overlord  
  36  5:28  Overlord  
  36  5:35  Lair  
  36  5:37  Drone x3  
  36  5:39  Drone  
  40  5:43  Drone  
  40  5:47  Overlord  
  41  6:02  Drone x5  
  46  6:07  Drone x2  
  48  6:15  Drone x4  
  52  6:18  Extractor  
  52  6:20  Extractor  
  50  6:26  Evolution Chamber  
  50  6:27  Evolution Chamber  
  50  6:32  Drone x3  
  51  6:33  Drone  
  51  6:39  Spore Crawler  
  51  6:41  Spore Crawler  
  51  6:45  Drone x3  
  53  6:49  Centrifical Hooks  
  53  7:13  Spore Crawler  
  53  7:15  Drone x4, Spore Crawler  
  51  7:16  Drone x6  
  51  7:20  Zerg Ground Armor Level 1  
  51  7:22  Zerg Missile Weapons Level 1  
  61  7:30  Overseer  
  61  7:35  Hatchery  
  60  7:47  Zergling x14  
  67  8:02  Overseer  
  67  8:03  Hydralisk Den  
  67  8:12  Drone  
  67  8:13  Drone, Overlord  
  67  8:14  Overlord x4  
  68  8:25  Extractor  
  67  8:27  Extractor  
  66  8:51  Drone x6  
  66  8:52  Drone x5  
  79  8:55  Drone x2, Queen  
  79  9:00  Hydralisk  
  79  9:01  Hydralisk x2  
  79  9:02  Hydralisk  
  87  9:06  Hydralisk  
  91  9:11  Muscular Augments  
  91  9:14  Baneling  
  91  9:15  Baneling x4  
  91  9:16  Baneling  
  91  9:31  Queen  
  93  9:57  Hydralisk  
  93  9:58  Hydralisk x9  
  113  10:08  Evolution Chamber, Queen  
  113  10:10  Evolution Chamber, Zerg Missile Weapons Level 2  
  113  10:12  Zerg Ground Armor Level 2  
  113  10:17  Spore Crawler  
  113  10:20  Spore Crawler  
  111  10:22  Spore Crawler  
  111  10:24  Spore Crawler  
  111  10:26  Spore Crawler  
  108  10:31  Infestation Pit, Hydralisk x3  
  113  10:36  Overlord x4  
  113  10:44  Pneumatized Carapace  
  113  10:52  Overlord  
  113  10:53  Overlord x4  
  113  10:58  Zergling x4  
  113  10:59  Zergling x2  
  116  11:17  Infestor  
  116  11:18  Infestor x5  
  123  11:21  Zergling x2  
  123  11:22  Zergling x2  
  129  11:29  Pathogen Glands  
  129  11:33  Zerg Melee Weapons Level 1  
  129  11:35  Zergling x2  
  129  11:36  Zergling x6  
  133  12:01  Lurker Den  
  133  12:07  Spire  
  132  12:14  Nydus Network  
  112  12:26  Zergling x8  
  112  12:27  Zergling x26  
  100  12:39  Zergling x8  
  101  12:44  Ravager  
  92  13:04  Hatchery  
  91  13:16  Drone x10, Hatchery  
  91  13:18  Hive  
  100  13:22  Zergling x6  
  90  13:39  Baneling x6  
  82  13:43  Swarm Host x3  
  82  13:48  Lurker  
  92  13:51  Zergling x2  
  92  13:52  Zergling x4  
  92  13:53  Zergling x2  
  96  14:18  Overseer x2  
  96  14:37  Zerg Melee Weapons Level 2  
  96  14:39  Ultralisk Cavern  
  95  14:51  Zergling x2  
  95  14:52  Zergling x28  
  110  14:58  Adrenal Glands  
  110  15:19  Baneling  
  110  15:21  Zergling x10  
  111  15:22  Zergling x16  
  123  15:33  Drone x3  
  126  15:47  Nydus Canal  
  104  16:19  Ultralisk x3  
  104  16:20  Ultralisk  
  124  16:30  Ultralisk  
  114  16:34  Zergling x2  
  114  16:35  Zergling x10  
  105  17:17  Nydus Network  
  105  17:18  Hydralisk  
  105  17:19  Hydralisk x11  
  105  17:20  Hydralisk x4  
  133  17:44  Baneling x3  
  133  17:45  Baneling  
  133  17:55  Zergling x2  
  133  17:56  Zergling x18  
Tags
 
Add a new tag
Caveats
  • Supply blocks, unpowered buildings, or Contaminate may cause inaccurate times.
  • Supply counts are checked every 10 seconds.